 Dungeon Crawl Stone Soup version 0.28-a0-1389-gc726bef33b (webtiles) character file.

Game seed: 4703302322841580865

1337 kae the Changer (level 8, 0/59 HPs)
             Began as a Grey Draconian Transmuter on Jan 3, 2022.
             Slain by an unseen horror (2 damage)
             ... on level 5 of the Dungeon.
             The game lasted 00:06:26 (8361 turns).

kae the Changer (Grey Draconian Transmuter)         Turns: 8361, Time: 00:06:27

Health: 0/59       AC: 12    Str: 13    XL:     8   Next: 35%
Magic:  15/15      EV: 16    Int: 15    God:
Gold:   118        SH:  0    Dex: 12    Spells: 9/17 levels left

rFire   . . .      SeeInvis .     - Unarmed
rCold   . . .      Faith    .   (no shield)
rNeg    . . .      Spirit   .   (armour unavailable)
rPois   .          Reflect  .   (helmet restricted)
rElec   .          Harm     .   (no cloak)
rCorr   .          Rampage  .   n - +0 pair of gloves
Will    .....                   (no boots)
Stlth   +.........              (no amulet)
HPRegen 0.19/turn               b - +4 ring of evasion
MPRegen 0.14/turn               (no ring)

@: no status effects
A: AC +11, amphibious, unfitting armour, cold-blooded, horns 1, mutation
resistance 1
a: no special abilities


You were on level 5 of the Dungeon.
You visited 1 branch of the dungeon, and saw 6 of its levels.
You also visited: Sewer.

You collected 274 gold pieces.
You spent 156 gold pieces at shops.

Inventory:

Armour
 n - a +0 pair of gloves (worn)
Jewellery
 b - a +4 ring of evasion (left hand)
 k - a ring of positive energy
 o - a ring of wizardry
 s - a ring of ice
Wands
 q - a wand of flame (11)
 u - a wand of iceblast (4)
Scrolls
 a - 2 scrolls of amnesia
 c - 4 scrolls of teleportation
 m - 2 scrolls of holy word
 p - a scroll of fog
Potions
 d - 2 potions of degeneration
 e - a potion of brilliance
 f - a potion of flight {unknown}
 g - 4 potions of curing
 h - a potion of haste {unknown}
 i - a potion of attraction {unknown}
 j - 3 potions of lignification
 l - 2 potions of berserk rage {unknown}
 r - a potion of heal wounds


   Skills:
 - Level 1.1 Fighting
 - Level 1.7 Dodging
 - Level 3.0 Unarmed Combat
 + Level 5.2 Spellcasting
 * Level 7.7 Transmutations
 - Level 4.0 Ice Magic
 - Level 1.0 Poison Magic


You had 9 spell levels left.
You knew the following spells:

 Your Spells              Type           Power      Damage    Failure   Level
a - Beastly Appendage     Tmut           54%        N/A       1%          1
b - Spider Form           Tmut/Pois      17%        N/A       8%          3
c - Ice Form              Ice/Tmut       21%        N/A       14%         4

Your spell library contained the following spells:

 Spells                   Type           Power      Damage    Failure   Level
 Wereblood                Tmut           27%        N/A       1%          2
 Ensorcelled Hibernation  Hex/Ice        18%        N/A       11%         2
 Foxfire                  Conj/Fire      12%        2x1d4     16%         1
 Conjure Flame            Conj/Fire      3%         6-21      43%         3
 Inner Flame              Hex/Fire       3%         N/A       43%         3
 Flame Wave               Conj/Fire      3%         2d4       85%         4
 Summon Forest            Summ/Tloc      1%         N/A       99%         5
 Summon Mana Viper        Hex/Summ       3%         N/A       99%         5
 Summon Cactus Giant      Summ           1%         N/A       100%        6


Dungeon Overview and Level Annotations

Branches:
Dungeon (6/15)              Sewer (visited)
 Temple: D:4-7

Altars:
Sif Muna

Shops:
D:1 [(   D:4 !   D:5 :

Annotations:
D:2 1 runed translucent door, Crazy Yiuf


Innate Abilities, Weirdness & Mutations

Your dull iron-grey scales are very hard. (AC +11)
You are amphibious.
You cannot fit into any form of body armour.
You are cold-blooded and may be slowed by cold attacks.
You have a pair of small horns on your head.
You are somewhat resistant to further mutation.


Message History

Something barely misses you.
Items here: )) [[ †.
Something hits you.
There is a stone staircase leading down here.
You start resting.
Something hits you.
You start resting.
Something hits you. Something hits you.
* * * LOW HITPOINT WARNING * * *
Things that are here:
a +0 dagger; a +0 robe; a +3 dagger
Items here: )) [[ †.
You punch something! You freeze something. Something hits you.
* * * LOW HITPOINT WARNING * * *
You swing at nothing.
You swing at nothing.
Something hits you but does no damage.
You swing at nothing.
Something barely misses you.
You swing at nothing.
Your transformation is almost over.
Something hits you.
* * * LOW HITPOINT WARNING * * *
You swing at nothing.
You swing at nothing.
Something hits you.
* * * LOW HITPOINT WARNING * * *
As you read the scroll of teleportation, it crumbles to dust.
You feel strangely unstable. Something hits you.
* * * LOW HITPOINT WARNING * * *
You swing at nothing.
You swing at nothing.
Something hits you but does no damage.
You swing at nothing.
Something hits you but does no damage.
You swing at nothing.
Something hits you.
* * * LOW HITPOINT WARNING * * *
You swing at nothing.
Your surroundings suddenly seem different.
You start resting.
You warm up again.
Your +0 pair of gloves unmelds from your body.
Something hits you.
* * * LOW HITPOINT WARNING * * *
Something hits you.
You die...

#....# #....# # #....# #
######....# # #.........#### #
#............# #
############............# #
#..........###..........#
#######.........@.............###
.....##..........................
......#........................##
......#........................##
.................(............{.)
......#...........#............##
......#...........#............#
.#.##.#.....).....#.(..........#
.#.#..............#.###.####.#.#


There were no monsters in sight!

Vanquished Creatures
  Grinder (D:5)
  Edmund (D:5)
  An ogre (D:4)
  Blork the orc (D:5)
  A bullfrog (D:3)
  3 scorpions
  A wight (D:5)
  A howler monkey (D:5)
  A bullfrog zombie (D:5)
  A jelly (D:5)
  A hound (D:6)
  2 orc priests
  A bullfrog skeleton (D:5)
  A centaur skeleton (D:4)
  3 orc wizards
  10 adders
  7 river rats (Sewer)
  2 white imps (D:5)
  An ufetubus (D:4)
  An adder skeleton (D:4)
  A worm (D:2)
  5 dart slugs
  13 orcs
  2 endoplasms (D:3)
  3 giant cockroaches
  4 goblins
  9 hobgoblins
  4 jackals
  4 quokkas
  7 ball pythons
  3 bats
  7 frilled lizards
  8 kobolds
  12 rats
123 creatures vanquished.

Vanquished Creatures (others)
  21 plants (D:3)
21 creatures vanquished.

Grand Total: 144 creatures vanquished

Notes
Turn   | Place    | Note
-------+----------+-------------------------------------------
     0 | D:1      | kae the Draconian Transmuter began the quest for the Orb.
     0 | D:1      | Reached XP level 1. HP: 16/16 MP: 3/3
   150 | D:1      | Found Vynyofil's Antique Weapon Boutique.
   466 | D:1      | Reached XP level 2. HP: 19/23 MP: 3/5
   618 | D:1      | Found a faded altar of an unknown god.
   673 | D:1      | Found Ruextufe's Armour Shop.
  1379 | D:2      | Reached skill level 3 in Transmutations
  1452 | D:2      | Reached XP level 3. HP: 28/28 MP: 4/6
  1724 | D:2      | Found a runed translucent door.
  1725 | D:2      | Noticed Crazy Yiuf
  2513 | D:3      | Learned a level 3 spell: Spider Form
  2560 | D:3      | Found a shimmering blue altar of Sif Muna.
  2638 | D:3      | Reached XP level 4. HP: 33/35 MP: 5/8
  2787 | D:3      | Reached skill level 4 in Transmutations
  2972 | D:3      | Reached skill level 1 in Poison Magic
  2978 | D:3      | Noticed a bullfrog
  2988 | D:3      | Reached XP level 5. HP: 31/40 MP: 1/9
  3129 | D:3      | Learned a level 4 spell: Ice Form
  3638 | D:2      | Reached skill level 5 in Transmutations
  3867 | D:4      | Reached skill level 1 in Ice Magic
  3878 | D:4      | Reached XP level 6. HP: 47/47 MP: 1/11
  3952 | D:4      | Gained mutation: You have a pair of small horns on your
                  | head. [potion of mutation]
  3952 | D:4      | Gained mutation: You are somewhat resistant to further
                  | mutation. [potion of mutation]
  4117 | D:4      | Found a glowing drain.
  4128 | Sewer    | Entered a sewer
  5136 | D:4      | Your scales start taking on a dull iron-grey colour.
  5136 | D:4      | Reached XP level 7. HP: 49/52 MP: 12/12
  5199 | D:4      | Found Zosaero's Distillery.
  5235 | D:4      | Bought a potion of curing for 39 gold pieces
  5235 | D:4      | Bought a potion of lignification for 39 gold pieces
  5235 | D:4      | Bought a potion of degeneration for 13 gold pieces
  5632 | D:4      | Bought a potion of heal wounds for 65 gold pieces
  5649 | D:5      | Entered Level 5 of the Dungeon
  5664 | D:5      | Noticed Blork the orc
  6036 | D:5      | Killed Blork the orc
  6037 | D:5      | Reached skill level 6 in Transmutations
  6274 | D:5      | Noticed Edmund
  6937 | D:5      | Found Intock's Book Shoppe.
  7169 | D:5      | Noticed Grinder
  7181 | D:5      | Killed Grinder
  7182 | D:5      | Reached XP level 8. HP: 45/59 MP: 10/15
  7411 | D:5      | Reached skill level 7 in Transmutations
  7687 | D:5      | Killed Edmund
  7688 | D:5      | Reached skill level 5 in Spellcasting
  7837 | D:5      | Found Intock's Book Shoppe.
  8360 | D:5      | HP: 2/59 [something (5)]
  8361 | D:5      | Slain by an unseen horror

Illustrated notes

Levels and vault maps discovered:
D:1:      elethiomel_arrival_maze, layout_basic, serial_shops, shop_fountains,
          nicolae_shop_stone, ebering_ecumenical_altar_box, serial_bayou_pond_e
D:2:      layout_basic, kennysheep_nondescript, uniq_crazy_yiuf_cottage
D:3:      layout_loops_cross, kennysheep_orc_sif_temple, serial_bayou_lagoon_b
D:4:      layout_cave_pools, serial_shops, nicolae_shop_trees,
          cheibrodos_sewer_entry_drain
D:5:      layout_basic, serial_shops, kennysheep_mini_moat, uniq_edmund,
          uniq_blork_the_orc, uniq_grinder
D:6:      cheibrodos_barr_body, layout_loops_ring, mainiacjoe_overflow_catwalk,
          kennysheep_crisscross, minmay_microvault, uniq_pikel

Skill      XL: |  1  2  3  4  5  6  7  8 |
---------------+-------------------------+-----
Transmutations | 3 4 5 6 7 |  7.7
Spellcasting   | 3 4 5 |  5.2
Poison Magic   | 1 |  1.0
Ice Magic      | 1 2 4 |  4.0
Fighting       | |  1.1
Dodging        | |  1.7
Unarmed Combat | |  3.0

Action                   |  1- 3 |  4- 6 |  7- 9 || total
-------------------------+-------+-------+-------++-------
Melee: Unarmed           |   113 |   223 |   166 ||   502
       Tailslap          |    11 |     7 |     6 ||    24
       Kick              |    17 |    11 |       ||    28
       Headbutt          |     4 |    12 |    11 ||    27
       Punch             |     1 |     1 |       ||     2
 Cast: Beastly Appendage |    25 |    16 |     1 ||    42
       Spider Form       |     1 |    18 |    10 ||    29
       Ice Form          |       |       |     8 ||     8
  Use: Scroll            |     4 |     3 |     3 ||    10
       Potion            |       |     1 |       ||     1
 Stab: Sleeping          |       |     5 |       ||     5
Armor: Skin              |    21 |    25 |    48 ||    94
Dodge: Dodged            |   121 |   210 |   105 ||   436

Table legend: (Time is in decaauts)
 A = Elapsed time spent in this place.
 B = Non-inter-level travel time spent in this place.
 C = Inter-level travel time spent in this place.
 D = Time resting spent in this place.
 E = Time spent auto-exploring this place.
 F = Levels seen in this place.
 G = Mean time per level.
                   A        B        C        D        E       F      G
               +--------+--------+--------+--------+--------+-----+--------+
         Total |   8410 |   8253 |    157 |   1096 |   5918 |   7 | 1201.4 |
       Dungeon |   7396 |   7239 |    157 |   1096 |   5095 |   6 | 1232.7 |
         Sewer |   1014 |   1014 |      0 |      0 |    822 |   1 | 1014.0 |
               +--------+--------+--------+--------+--------+-----+--------+

Top non-repeatable levels by time:
     D:5: 2064 daAuts
     D:4: 1426 daAuts
     D:3: 1421 daAuts
     D:2: 1309 daAuts
     D:1: 1153 daAuts
   Sewer: 1014 daAuts
     D:6: 20 daAuts
